 Dungeon Crawl Stone Soup version 0.29.1-15-g9cfb28693d (webtiles) character file.

Game seed: 9587991135613664445

2385 sanboga the Basher (level 9, -1/121 HPs)
             Began as a Minotaur Berserker on Mar 2, 2023.
             Was a Priest of Trog.
             Succumbed to a hornet's poison
             ... while paralysed by a hornet
             ... on level 7 of the Dungeon on Mar 14, 2023.
             The game lasted 00:06:02 (7176 turns).

sanboga the Basher (Minotaur Berserker)             Turns: 7176, Time: 00:06:03

Health: -1/121     AC: 12    Str: 26 (27) XL:     9   Next: 22%
Magic:  8/8        EV:  2    Int:  2 (4)  God:    Trog [***...]
Gold:   288        SH:  0    Dex:  7 (9)  Spells: 8/8 levels left

rFire   + . .      SeeInvis .   a - +1 flail
rCold   . . .      Faith    .   (no shield)
rNeg    . . .      Spirit   .   o - +0 chain mail
rPois   .          Reflect  .   (helmet restricted)
rElec   .          Harm     .   (no cloak)
rCorr   .          Rampage  .   d - +0 pair of gloves
Will    .....                   (no boots)
Stlth   ..........              (no amulet)
HPRegen 0.30/turn               k - ring of protection from fire
MPRegen 0.11/turn               (no ring)

@: paralysed, berserking, lethally poisoned (-1 -> -15), slowed, studying Armour
A: horns 2, retaliatory headbutt
a: Renounce Religion, Berserk, Trog's Hand


You were on level 7 of the Dungeon.
You worshipped Trog.
Trog was most pleased with you.
You visited 1 branch of the dungeon, and saw 7 of its levels.

You collected 358 gold pieces.
You spent 70 gold pieces at shops.

Inventory:

Hand Weapons
 a - a +1 flail (weapon)
Armour
 d - a +0 pair of gloves (worn)
 o - a +0 chain mail (worn)
Jewellery
 k - a ring of protection from fire (left hand)
Wands
 j - a wand of polymorph (10)
 s - a wand of iceblast (7)
 v - a wand of acid (3)
Scrolls
 b - a scroll of silence {unknown}
 c - 2 scrolls of immolation {unknown}
 f - 9 scrolls of identify {unknown}
 i - 3 scrolls of amnesia {unknown}
 p - 2 scrolls of teleportation
 q - a scroll of enchant armour {unknown}
 u - 2 scrolls of fear {unknown}
 B - 2 scrolls of enchant weapon
Potions
 e - 4 potions of heal wounds
 g - 2 potions of brilliance {unknown}
 h - 5 potions of curing {unknown}
 m - a potion of haste {unknown}
 r - 2 potions of magic {unknown}
 t - 2 potions of mutation {unknown}
 w - a potion of flight {unknown}
 x - 2 potions of resistance {unknown}
 z - a potion of berserk rage {unknown}
 A - 5 potions of cancellation {unknown}
 C - 2 potions of might {unknown}
 D - 2 potions of lignification {unknown}


   Skills:
 + Level 8.3 Fighting
 * Level 11.1 Maces & Flails
 + Level 7.9 Armour
 - Level 2.1 Dodging


You had 8 spell levels left.
You didn't know any spells.
Your spell library was empty.

Dungeon Overview and Level Annotations

Branches:
Dungeon (7/15)             Temple (0/1) D:4

Altars:
Elyvilon
Gozag
Ru
Uskayaw
Yredelemnul
The Shining One

Shops:
D:5 *   D:6 [   D:7 *


Innate Abilities, Weirdness & Mutations

You have a pair of horns on your head.
You reflexively headbutt those who attack you in melee.


Message History

An ogre comes into view. It is wielding a +0 giant club.
You sock the hornet! Your headbutt misses the hornet.
Your punch misses the hornet.
The hornet is heavily wounded.
You feel sick. The hornet stings you.
* * * LOW HITPOINT WARNING * * *
You are more poisoned.
You feel as though you will be slow longer.
The hornet stings you.
* * * LOW HITPOINT WARNING * * *
You are lethally poisoned!
You feel as though you will be slow longer.
You closely miss the hornet.
The hornet is heavily wounded.
* * * LOW HITPOINT WARNING * * *
You feel very sick. The steam dragon breathes steam at you.
The ball of steam hits you. You resist.
* * * LOW HITPOINT WARNING * * *
The hornet stings you but does no damage.
You hear a shout!
You hit the hornet.
The hornet is heavily wounded.
* * * LOW HITPOINT WARNING * * *
You feel very sick.
The hornet stings you but does no damage.
The steam dragon closely misses you.
The steam dragon claws you but does no damage.
You hit the hornet. Your headbutt misses the hornet.
The hornet is heavily wounded.
* * * LOW HITPOINT WARNING * * *
You feel very sick. The hornet stings you.
* * * LOW HITPOINT WARNING * * *
You suddenly lose the ability to move!
The steam dragon bites you but does no damage.
The steam dragon claws you.
* * * LOW HITPOINT WARNING * * *
The hornet completely misses you.
You die...

#..~ # [.~ .# #.≈
####~.# ##.~ ~≈≈≈~.#
#... .......
#####...#....... .
............>... ..
###...######... ...
...#..@#### ...
##....Dy..##########...
##...............#....
####.#..####.........
.....O.. #.##?.#...
#............###.#...
#<............##§....
#........####....§...
#......... ###.....D


You could see a hornet, a steam dragon (catching breath) and an ogre.

Vanquished Creatures
  Grinder (D:6)
  4 yaks (D:6)
  3 ice beasts (D:6)
  An ogre (D:6)
  A centaur (D:6)
  3 phantoms
  3 scorpions
  2 howler monkeys
  2 hounds
  3 jellies
  A gnoll bouda (D:6)
  An orc priest (D:4)
  Terence (D:3)
  3 iguanas
  Ijyb (D:3)
  4 orc wizards (D:6)
  4 gnolls (D:6)
  11 adders
  2 shadow imps
  A white imp (D:5)
  A worm (D:3)
  2 dart slugs
  19 orcs
  6 endoplasms
  3 giant cockroaches
  6 goblins
  4 hobgoblins
  2 jackals (D:5)
  4 quokkas
  4 ball pythons
  4 bats
  2 frilled lizards
  5 kobolds
  5 rats
  A spectral orc (D:3)
120 creatures vanquished.

Notes
Turn   | Place    | Note
-------+----------+-------------------------------------------
     0 | D:1      | sanboga the Minotaur Berserker began the quest for the Orb.
     0 | D:1      | Reached XP level 1. HP: 19/19 MP: 0/0
   577 | D:1      | Reached skill level 4 in Maces & Flails
   632 | D:1      | Reached XP level 2. HP: 27/27 MP: 1/1
  1545 | D:2      | Reached XP level 3. HP: 21/33 MP: 2/2
  2008 | D:2      | Reached ** piety under Trog
  2206 | D:3      | Reached XP level 4. HP: 41/41 MP: 3/3
  2225 | D:3      | Noticed Terence
  2234 | D:3      | Killed Terence
  2235 | D:3      | Reached skill level 5 in Maces & Flails
  2496 | D:3      | Found a faded altar of an unknown god.
  2532 | D:3      | Found a hide-covered altar of Uskayaw.
  2684 | D:3      | Found a basalt altar of Yredelemnul.
  2730 | D:3      | Found an opulent altar of Gozag.
  2776 | D:3      | Found a white marble altar of Elyvilon.
  2896 | D:3      | Noticed Ijyb
  2906 | D:3      | Killed Ijyb
  2907 | D:3      | Reached XP level 5. HP: 43/47 MP: 4/4
  3701 | D:4      | Found a staircase to the Ecumenical Temple.
  3889 | D:4      | Reached skill level 5 in Fighting
  3889 | D:4      | Reached skill level 6 in Maces & Flails
  4279 | D:4      | Noticed a phantom
  4283 | D:4      | Reached XP level 6. HP: 53/56 MP: 5/5
  4379 | D:5      | Entered Level 5 of the Dungeon
  5007 | D:5      | Reached skill level 7 in Maces & Flails
  5021 | D:5      | Found Eteaku's Assorted Antiques.
  5033 | D:5      | Bought a puce potion for 17 gold pieces
  5033 | D:5      | Bought 2 black potions for 34 gold pieces
  5033 | D:5      | Bought a scroll labelled AWOOPL MAURPH for 19 gold pieces
  5035 | D:5      | Identified the +2 ring mail of the Stopping Gods {Will+
                  | Stlth+}
  5257 | D:6      | Reached skill level 5 in Armour
  5305 | D:6      | Noticed a yak
  5305 | D:6      | Noticed a yak
  5305 | D:6      | Noticed a yak
  5305 | D:6      | Noticed a yak
  5306 | D:6      | Noticed an ice beast
  5312 | D:6      | Reached XP level 7. HP: 51/62 MP: 6/6
  5314 | D:6      | Killed a yak
  5318 | D:6      | Killed a yak
  5319 | D:6      | Reached skill level 8 in Maces & Flails
  5322 | D:6      | Killed a yak
  5323 | D:6      | Reached XP level 8. HP: 64/71 MP: 7/7
  5328 | D:6      | Reached skill level 9 in Maces & Flails
  5484 | D:6      | Reached *** piety under Trog
  5840 | D:6      | Reached skill level 10 in Maces & Flails
  5970 | D:6      | Found Pish's Antique Armour Emporium.
  5995 | D:6      | Found a sacrificial altar of Ru.
  6534 | D:6      | Reached XP level 9. HP: 42/81 MP: 8/8
  6745 | D:6      | Noticed Grinder
  6749 | D:6      | Paralysed by something for 5 turns
  6763 | D:6      | Killed Grinder
  6764 | D:6      | Reached skill level 11 in Maces & Flails
  7131 | D:7      | Identified a scroll of acquirement
  7131 | D:7      | Acquired a manual of Armour
  7132 | D:7      | Found Doeh's Assorted Antiques.
  7132 | D:7      | Found a glowing golden altar of the Shining One.
  7168 | D:7      | Paralysed by a hornet for 3 turns
  7175 | D:7      | HP: 6/121 [hornet (1)]
  7175 | D:7      | Paralysed by a hornet for 1 turns
  7175 | D:7      | HP: 1/121 [steam dragon (5)]
  7176 | D:7      | Succumbed to a hornet's poison

Illustrated notes

Levels and vault maps discovered:
D:1:      elethiomel_arrival_quiet, layout_basic, minmay_misc_feat_four_crosses,
          nicolae_hexahallways
D:2:      layout_loops_ring
D:3:      layout_basic, yredelemnul_forgotten_temple_becter,
          nicolae_uskayaw_murder_on_the_dancefloor,
          mainiacjoe_overflow_two_lobes, hellmonk_ecumenical_altar_lost_god,
          uniq_terence, uniq_ijyb
D:4:      layout_basic, minmay_temple_entry_mini_moons
D:5:      layout_loops_corners, serial_shops, nicolae_stop_n_shop_2
D:6:      hangedman_cross_stitches, layout_loops_cross,
          mainiacjoe_overflow_surrounded_room, serial_shops, shop, uniq_grinder
D:7:      layout_rooms, lemuel_crystal_altar, enter_bailey_3,
          nicolae_ossuary_entry_false_entrances, serial_shops, shop

Skill      XL: |  1  2  3  4  5  6  7  8  9 |
---------------+----------------------------+-----
Maces & Flails | 4 5 6 7 8 10 11 | 11.1
Fighting       | 4 5 6 7 8 |  8.3
Armour         | 3 4 5 6 7 |  7.9
Dodging        | |  2.1

Action                   |  1- 3 |  4- 6 |  7- 9 || total
-------------------------+-------+-------+-------++-------
Melee: Mace              |    73 |    11 |       ||    84
       Headbutt          |     9 |    20 |    23 ||    52
       Flail             |       |   129 |   142 ||   271
       Punch             |       |     1 |     2 ||     3
Invok: Berserk           |       |     1 |     2 ||     3
  Use: Scroll            |     1 |     2 |     4 ||     7
       Potion            |       |       |     1 ||     1
 Stab: Sleeping          |     1 |       |       ||     1
Armor: Animal skin       |     7 |       |       ||     7
       Scale mail        |    18 |     3 |       ||    21
       Chain mail        |       |    61 |   103 ||   164
Dodge: Dodged            |    35 |    49 |    46 ||   130
